nht, lawful male elven Wizard --------- |.......| 5|.......| ----- 5|%.@h.).| 4 |... |..LA...| --------- --..--------- | |.......| | --.......-- --)..|.......| |.5----A---- .|--.........---)...|.......| |...4..@4.....||.[%.%...)?.%%.%......_...| ---43....5..-----%.%%.%.).---....|.......| -----|----- --..[%%..-- --%..|.......| ....... ----[---- --..--------- 1....... -------..[| |... ........ |.%)......| ----- ........ --...------- -.......--....| ---|----...--- ....%......| ------------ nht the Enchanter Experience level: 15 Strength: 25 Dexterity: 12 Constitution: 10 Intelligence: 18 Wisdom: 13 Charisma: 7 Health: 34(39) Energy: 220(237) Def: 33 Gold: 135 Moves: 6428 Dungeon seed: 3cMk3TjzcHRaOGcQ Game ID: nht_1430721477 Your Inventory: Coins $ - 135 gold pieces Amulets V - the blessed Eye of the Aethiopica Weapons E - the rustproof +6 Magicbane (weapon in hand) Armor e - an uncursed thoroughly burnt +2 elven cloak (being worn) l - a cursed +0 helm of opposite alignment (being worn) n - an uncursed greased +0 helm of brilliance q - a blessed rustproof +2 pair of gauntlets of power (being worn) w - a blessed +5 silver dragon scale mail (being worn) y - a blessed +2 pair of speed boots (being worn) Comestibles g - 2 uncursed lizard corpses Spellbooks u - the uncursed Book of the Dead Potions i - an uncursed potion of healing F - an uncursed potion of gain ability Rings o - an uncursed ring of free action s - an uncursed ring of conflict x - a blessed rustproof ring of polymorph control (on right hand) T - an uncursed +1 ring of gain constitution Wands a - a wand of digging (0:0) c - a wand of secret door detection (0:12) d - a wand of fire (0:4) j - a wand of cold (0:3) k - a wand of teleportation (0:2) m - a wand of digging (0:1) A - a blessed corrodeproof wand of polymorph (1:0) B - a wand of digging (0:0) C - a wand of digging (0:6) D - a wand of cancellation named !!!!!!!!!1 (0:2) G - a wand of cold (0:3) H - a wand of fire (0:0) J - a wand of cold (0:0) K - a wand of create monster (0:11) L - a wand of death (2:4) N - a wand of lightning (0:5) R - a wand of digging (0:2) S - a wand of digging (0:8) U - a wand of teleportation (0:0) W - a wand of secret door detection (0:0) X - a wand of striking (0:3) Y - a wand of create monster (0:12) Z - a wand of digging (0:6) Tools b - a blessed greased fireproof bag of holding f - an uncursed tooled horn h - the blessed rustproof Master Key of Thievery t - an uncursed blindfold v - an uncursed skeleton key z - a -1 unicorn horn M - the Bell of Opening (0:2) O - the uncursed Candelabrum of Invocation (no candles attached) (0:0) P - a blessed oil lamp (lit) (0:436) Q - a blessed magic marker (1:3) Gems p - a blessed touchstone r - an uncursed luckstone Contents of the bag of holding: 4100 gold pieces an uncursed amulet of life saving an uncursed amulet of magical breathing a cheap plastic imitation of the Amulet of Yendor an uncursed carrot an uncursed lizard corpse an uncursed tin of hill giant meat an uncursed tin of spinach 4 uncursed scrolls of blank paper 2 blessed scrolls of charging 2 uncursed scrolls of confuse monster 3 uncursed scrolls of create monster an uncursed scroll of earth an uncursed scroll of genocide an uncursed scroll of stinking cloud a blessed scroll of teleportation 5 uncursed scrolls of teleportation 2 cursed scrolls of teleportation a blessed spellbook of blank paper an uncursed potion of booze an uncursed potion of confusion an uncursed potion of enlightenment 2 uncursed potions of extra healing 3 uncursed potions of full healing an uncursed potion of gain energy 4 uncursed potions of healing 3 potions of holy water 2 uncursed potions of monster detection 2 uncursed potions of oil 2 uncursed potions of polymorph 2 uncursed potions of restore ability an uncursed potion of sleeping an uncursed potion of speed 2 potions of unholy water an uncursed ring of levitation an uncursed ring of regeneration an uncursed ring of shock resistance an uncursed ring of teleportation a wand of striking (0:7) a wand of striking (0:4) a can of grease (0:19) a fireproof magic marker (0:86) an uncursed amber stone an uncursed amethyst stone an uncursed emerald 2 uncursed fluorite stones an uncursed garnet stone an uncursed jacinth stone an uncursed jade stone 4 uncursed jasper stones an uncursed jet stone 9 uncursed obsidian stones 2 uncursed opals an uncursed ruby an uncursed sapphire Spells known in the end: Name Level Category Fail Memory a - force bolt 1 attack 40% 68% b - magic missile 2 attack 4% 68% c - jumping 1 escape 40% 68% d - cure blindness 2 healing 40% 70% e - detect monsters 1 divination 40% 71% f - healing 1 healing 40% 71% g - identify 3 divination 40% 77% h - knock 1 matter 40% 82% i - cure sickness 3 healing 40% 86% j - remove curse 3 clerical 89% 86% k - magic mapping 5 divination 48% 89% l - detect unseen 3 divination 40% 89% Your skills at the end: Fighting Skills Weapon Skills dagger [Basic] quarterstaff [Basic] Spellcasting Skills attack spells [Basic] healing spells [Basic] divination spells [Skilled] enchantment spells [Basic] Final Attributes: You were fervently aligned. You were cold resistant. You were sleep resistant. You were magic-protected. You saw invisible. You were telepathic. You were warned. You had infravision. You were stealthy. You could teleport. You had teleport control. You could fly. You were protected. You had polymorph control. You were polymorphed into a master mind flayer. You were very fast. You had reflection. You were very lucky. You had extra luck. Bad luck did not time out for you. Good luck did not time out for you. You survived after being killed once. Vanquished creatures: Asmodeus Orcus Yeenoghu Juiblex The Wizard of Yendor (twice Famine (thrice) 2 arch-liches a high priest Medusa 4 master liches a titan 5 gray dragons a silver dragon a white dragon a green dragon 14 minotaurs a jabberwock The Dark One a baluchitherium 6 Angels 3 demiliches Vlad the Impaler 5 stone golems a master mind flayer 2 Olog-hai a pit fiend 2 hell hounds a titanothere 2 trappers a guardian naga 15 vampire lords 11 aligned priests 3 captains 2 liches 2 nurses 2 ice devils an Aleax an ettin 2 golden nagas 2 black puddings 8 vampires 26 ghosts 4 lieutenants a monk a tourist a winged gargoyle a mind flayer 3 fire giants an ogre king an ice troll 2 rock trolls 2 umber hulks a doppelganger 3 hezrous 4 bone devils 2 large mimics a fire vortex a couatl a stalker 2 air elementals 2 fire elementals a water elemental a giant mummy a black naga 5 xorns 9 giant zombies 3 elf-lords 7 sergeants 3 vrocks 5 wargs 2 winter wolves 6 hell hound pups 3 small mimics a glass piercer 3 steam vortices 2 xans 3 ettin mummies an ogre lord 2 quantum mechanics a troll a sasquatch a wood golem 2 gelatinous cubes a freezing sphere 2 flaming spheres a shocking sphere a gargoyle a dwarf king 3 tengu 2 leocrottas 2 energy vortices a stone giant a red naga 2 green slimes 2 pit vipers 2 pythons 3 cobras 23 wraiths 9 ettin zombies a Grey-elf 44 soldiers a horned devil 4 incubi a chameleon 7 giant beetles a quivering blob 2 wolves a winter wolf cub 34 leprechauns a spotted jelly 2 giant spiders a scorpion 2 horses a black light 39 vampire bats 4 gnome kings 2 orc mummies a dwarf mummy an ogre 3 rust monsters 2 owlbears 2 yetis a gold golem a piranha 3 lizards a dwarf lord a water nymph a white unicorn a dust vortex 4 ravens 2 gnome mummies a snake 2 water moccasins 9 human zombies 5 soldier ants 2 fire ants 2 quasits a rock mole a fog cloud 3 yellow lights 8 gnome lords a gnomish wizard a gray ooze 2 barrow wights 11 elf zombies 9 ghouls 8 giant ants a floating eye a kitten 15 dwarves 4 homunculi a kobold lord 4 hill orcs a rabid rat 2 giant bats a monkey 9 orc zombies 8 dwarf zombies 2 iguanas 6 killer bees 3 hobbits a hobgoblin 2 giant rats 5 cave spiders a green mold 24 gnomes 2 manes 9 gnome zombies 3 geckos 5 jackals a fox a kobold 3 sewer rats 3 grid bugs 3 bats 4 lichens 9 kobold zombies 3 newts 671 creatures vanquished. Genocided species: green slimes 1 species genocided. Voluntary challenges: You used a wielded weapon 985 times, starting on turn 153. You read items or engraved 187 times, starting on turn 368. You genocided 1 type of monster, starting on turn 4078. You polymorphed 81 items, starting on turn 4822. You changed form 10 times, starting on turn 2604. You used 6 wishes, starting on turn 2594. You wished for your your first artifact on turn 4129. You never split a pudding. You wrote Elbereth's name 39 times, starting on turn 458. You violated your moral code, losing 93 points of alignment, starting on turn 5494. Dungeon overview: The Dungeons of Doom: levels 1 to 27 Level 1 stairs to The Elemental Planes Level 2 an armor shop Level 3 an altar to Anhur Level 4 a fountain, a sink stairs to The Gnomish Mines Level 5 a fountain Level 6 (book) Level 7 a long staircase Level 8 Level 9 Level 10 Level 11 an altar to Anhur , some fountains Level 12 (book) a scroll shop, a sink portal to The Quest Level 13 a fountain Level 14 (throne) a fountain, a throne Level 15 Level 16 some altars to Ptah and Anhur Level 17 (zoo) Level 18 Level 19 (temple) a temple to Ptah , a fountain Level 20 (chauns) Level 21 (graves) an altar to Ptah Level 22 (throne) a throne Level 23 Level 24 (whitecorn) Level 25 Level 26 Level 27 a fountain Gehennom: levels 28 to 48 Level 28 a temple to Moloch stairs to The Dungeons of Doom Level 29 (asm) Level 30 Level 31 (juib) a fountain Level 32 Level 33 (baalz) Level 34 Level 35 Level 36 Level 37 (orcus) some shops, an altar to Moloch Level 38 (rodney) stairs to Vlad's Tower Level 39 Level 40 Level 41 Level 42 Level 43 Level 44 Level 45 Level 46 Level 47 Level 48 The Gnomish Mines: levels 5 to 13 Level 5 (minesflayerbones) stairs to The Dungeons of Doom Level 6 Level 7 Level 8 (junk) many shops, a temple to Ptah , some fountains Level 9 Level 10 Level 11 Level 12 Level 13 The Quest: levels 1 to 6 Level 1 portal to The Dungeons of Doom Level 2 Level 3 Level 4 Level 5 Level 6 a temple to Thoth Vlad's Tower: levels 35 to 37 Level 35 Level 36 Level 37 stairs to Gehennom The Elemental Planes: Astral Plane <- You were here some high altars Plane 4 portal to The Elemental Planes Plane 3 portal to The Elemental Planes Plane 2 portal to The Elemental Planes Plane 1 portal to The Elemental Planes History has recorded: On T:1 you entered the Dungeons of Doom to retrieve the Amulet of Yendor! On T:253 you reached level 2 of The Dungeons of Doom. On T:278 you advanced to experience level 2. On T:369 you reached level 3 of The Dungeons of Doom. On T:478 you reached level 4 of The Dungeons of Doom. On T:515 you reached level 1 of The Gnomish Mines. On T:520 you advanced to experience level 3. On T:566 you reached level 5 of The Dungeons of Doom. On T:585 you advanced to experience level 4. On T:802 you reached level 6 of The Dungeons of Doom. On T:813 you advanced to experience level 5. On T:970 you advanced to experience level 6. On T:1020 you reached level 2 of The Gnomish Mines. On T:1156 you reached level 3 of The Gnomish Mines. On T:1237 you reached level 4 of The Gnomish Mines. On T:1248 you advanced to experience level 7. On T:1250 you reached level 5 of The Gnomish Mines. On T:1578 you reached level 7 of The Dungeons of Doom. On T:1597 you reached level 8 of The Dungeons of Doom. On T:1610 you reached level 9 of The Dungeons of Doom. On T:1725 you reached level 10 of The Dungeons of Doom. On T:1748 you reached level 11 of The Dungeons of Doom. On T:1764 you reached level 12 of The Dungeons of Doom. On T:1827 you reached level 13 of The Dungeons of Doom. On T:1850 you reached level 14 of The Dungeons of Doom. On T:1869 you reached level 15 of The Dungeons of Doom. On T:1883 you reached level 16 of The Dungeons of Doom. On T:1940 you reached level 17 of The Dungeons of Doom. On T:1953 you reached level 18 of The Dungeons of Doom. On T:1980 you reached level 19 of The Dungeons of Doom. On T:1996 you reached level 20 of The Dungeons of Doom. On T:2001 you reached level 21 of The Dungeons of Doom. On T:2018 you reached level 22 of The Dungeons of Doom. On T:2035 you reached level 23 of The Dungeons of Doom. On T:2049 you reached level 24 of The Dungeons of Doom. On T:2063 you reached level 25 of The Dungeons of Doom. On T:2076 you reached level 26 of The Dungeons of Doom. On T:2090 you reached The Castle. On T:2114 you advanced to experience level 8. On T:2186 you advanced to experience level 9. On T:2255 you advanced to experience level 10. On T:2594 you wished for "blessed fixed ring of polymorph control". On T:2596 you wished for "blessed fixed wand of polymorph". On T:2597 you wished for "blessed fixed +3 silver dragon scale mail". On T:2686 you advanced to experience level 11. On T:2921 you wished for "blessed fixed greased bag of holding". On T:3076 you advanced to experience level 12. On T:3519 you reached level 2 of Gehennom. On T:3524 you reached level 3 of Gehennom. On T:3537 you advanced to experience level 13. On T:3655 you reached level 4 of Gehennom. On T:3658 you reached level 5 of Gehennom. On T:3705 you reached level 6 of Gehennom. On T:3741 you reached level 7 of Gehennom. On T:3742 you reached level 8 of Gehennom. On T:3745 you reached level 9 of Gehennom. On T:3761 you reached level 10 of Gehennom. On T:3792 you reached level 11 of Gehennom. On T:3806 you reached level 12 of Gehennom. On T:3825 you reached level 3 of Vlad's Tower. On T:3917 you reached level 2 of Vlad's Tower. On T:4013 you reached level 1 of Vlad's Tower. On T:4071 you killed Vlad the Impaler on level 1 of Vlad's Tower. On T:4129 you wished for "blessed fixed the master key of thievery". On T:4258 you reached level 1 of The Quest. On T:4305 you embarked upon an epic quest. On T:4321 you reached level 2 of The Quest. On T:4329 you reached level 3 of The Quest. On T:4383 you reached level 4 of The Quest. On T:4394 you reached level 5 of The Quest. On T:4401 you reached level 6 of The Quest. On T:4412 you killed Dark One on level 6 of The Quest. On T:4431 you wished for "uncursed fixed magic marker". On T:4553 you reached level 6 of The Gnomish Mines. On T:4578 you reached level 7 of The Gnomish Mines. On T:4586 you reached level 8 of The Gnomish Mines. On T:4595 you reached level 9 of The Gnomish Mines. On T:4805 you received Magicbane from Anhur. On T:4970 you killed Wizard of Yendor on level 11 of Gehennom. On T:5011 you killed Orcus on level 11 of Gehennom. On T:5016 you reached level 20 of Gehennom. On T:5602 you performed the invocation. On T:5603 you reached level 21 of Gehennom. On T:5753 you killed Asmodeus on level 21 of Gehennom. On T:5753 you gained the Amulet of Yendor! On T:5756 you reached level 19 of Gehennom. On T:5760 you reached level 18 of Gehennom. On T:5768 you reached level 17 of Gehennom. On T:5769 you lost the Amulet of Yendor. On T:5770 you gained the Amulet of Yendor! On T:5771 you reached level 16 of Gehennom. On T:5773 you lost the Amulet of Yendor. On T:5774 you gained the Amulet of Yendor! On T:5778 you reached level 15 of Gehennom. On T:5781 you lost the Amulet of Yendor. On T:5783 you gained the Amulet of Yendor! On T:5796 you reached level 14 of Gehennom. On T:5797 you lost the Amulet of Yendor. On T:5798 you gained the Amulet of Yendor! On T:5800 you reached level 13 of Gehennom. On T:5802 you lost the Amulet of Yendor. On T:5803 you gained the Amulet of Yendor! On T:5856 you advanced to experience level 15. On T:5865 you lost the Amulet of Yendor. On T:5866 you gained the Amulet of Yendor! On T:5868 you lost the Amulet of Yendor. On T:5869 you gained the Amulet of Yendor! On T:5870 you lost the Amulet of Yendor. On T:5871 you gained the Amulet of Yendor! On T:5895 you killed Juiblex on level 4 of Gehennom. On T:5897 you killed Yeenoghu on level 4 of Gehennom. On T:5944 you lost the Amulet of Yendor. On T:5945 you gained the Amulet of Yendor! On T:5947 you lost the Amulet of Yendor. On T:5948 you gained the Amulet of Yendor! On T:5951 you lost the Amulet of Yendor. On T:5952 you gained the Amulet of Yendor! On T:5954 you killed Medusa on level 23 of The Dungeons of Doom. On T:6035 you lost the Amulet of Yendor. On T:6036 you gained the Amulet of Yendor! On T:6041 you lost the Amulet of Yendor. On T:6042 you gained the Amulet of Yendor! On T:6046 you lost the Amulet of Yendor. On T:6047 you gained the Amulet of Yendor! On T:6059 you lost the Amulet of Yendor. On T:6060 you gained the Amulet of Yendor! On T:6063 you lost the Amulet of Yendor. On T:6064 you gained the Amulet of Yendor! On T:6142 you reached the Plane of Earth. On T:6146 you killed Wizard of Yendor on the Plane of Earth. On T:6194 you reached the Plane of Air. On T:6250 you reached the Plane of Fire. On T:6293 you reached the Plane of Water. On T:6320 you reached the Astral Plane. On T:6348 you killed Famine on the Astral Plane. On T:6376 you killed Famine on the Astral Plane. On T:6392 you were saved from death by your amulet of life saving! On T:6428 you lost the Amulet of Yendor. On T:6428 you offered the Amulet of Yendor to Ptah and ascended to the status of Demigod! Score breakdown: Gold: 4235 (12337 points) Experience: 15 levels (20844 points) Exploration: 48 levels (100.00%) (30000 points) Discoveries: 147 items ( 53.26%) (21894 points) Valuables value: 22200 (14784 points) Artifact value: 31000 (15278 points) Variety of kills: 178 monsters ( 46.97%) (20559 points) Time penalty: 6428 turns (-1725 points) Survival: ascended (score multiplied by 200%) Total score: 267942 Latest messages: Eve the Matriarch wields a long sword! The Angel of Thoth casts a spell at the gray dragon! The gray dragon is hit by a shower of missiles! The missiles bounce off! The priest of Moloch points all around, then curses. The guardian naga bites the ice troll. The ice troll bites the giant ant. The giant ant is killed! Eve the Matriarch wields a long sword! Eve the Matriarch hurls a potion of acid! The vial crashes on your head and breaks into shards. This burns! There is an altar to Ptah (lawful) here. You offer the Amulet of Yendor to Ptah... Your conscience bothers you a little less. An invisible choir sings, and you are bathed in radiance... The voice of Ptah booms: "Congratulations, creature!" "In return for thy service, I grant thee the gift of Immortality!" You ascend to the status of Demigod... Final status: Goodbye nht the Demigod, ascended... You went to your reward with 267942 points, The Master Key of Thievery (worth 3500 zorkmids) The Book of the Dead (worth 10000 zorkmids) Magicbane (worth 3500 zorkmids) The Bell of Opening (worth 5000 zorkmids) The Candelabrum of Invocation (worth 5000 zorkmids) The Eye of the Aethiopica (worth 4000 zorkmids) 9 obsidian stones (worth 1800 zorkmids), 4 jasper stones (worth 2000 zorkmids), 2 opals (worth 1600 zorkmids), 2 fluorite stones (worth 800 zorkmids), 1 ruby (worth 3500 zorkmids), 1 jacinth stone (worth 3250 zorkmids), 1 sapphire (worth 3000 zorkmids), 1 emerald (worth 2500 zorkmids), 1 amber stone (worth 1000 zorkmids), 1 jet stone (worth 850 zorkmids), 1 garnet stone (worth 700 zorkmids), 1 amethyst stone (worth 600 zorkmids), 1 jade stone (worth 300 zorkmids), 1 amulet of life saving (worth 150 zorkmids), 1 amulet of magical breathing (worth 150 zorkmids), 1 cheap plastic imitation of the Amulet of Yendor (worth 0 zorkmids), and 4235 pieces of gold, after 6428 moves. You were level 15 with a maximum of 85 hit points when you ascended.